 Dungeon Crawl Stone Soup version 0.31.0-9-g3a7656b989 (webtiles) character file.

Game seed: 4823514215328938390

571 qw the Skirmisher (level 7, -1/40 HPs)
             Began as a Deep Elf Hunter on Feb 2, 2024.
             Incinerated by a bombardier beetle (5 damage)
             ... with a burning spray
             ... on level 5 of the Dungeon.
             The game lasted 00:00:13 (3431 turns).

qw the Skirmisher (Deep Elf Hunter)                 Turns: 3431, Time: 00:00:14

Health: -1/40      AC: 15    Str:  8 (10) XL:     7   Next: 12%
Magic:  9/9        EV: 10    Int: 14      God:
Gold:   224        SH:  0    Dex: 16 (18) Spells: 6/6 levels left

rFire   . . .        a - +0 shortbow (flame)
rCold   . . .        (shield currently unavailable)
rNeg    . . .        j - +0 ring mail
rPois   .            g - +0 helmet
rElec   .            (no cloak)
rCorr   .            c - +1 pair of gloves
SInv    .            h - +2 pair of boots
Will    .....        (no amulet)
Stlth   +            n - +4 ring of protection
HPRegen 0.26/turn    (no ring)
MPRegen 0.11/turn

%: no passive effects
@: on fire, glowing
A: no striking features
a: no special abilities


You were on level 5 of the Dungeon.
You visited 1 branch of the dungeon, and saw 5 of its levels.

You collected 224 gold pieces.


   Skills:
 - Level 2.2 Fighting
 + Level 10.6 Ranged Weapons
 - Level 1.2 Armour
 - Level 2.6 Dodging
 - Level 1.2 Stealth


You had 6 spell levels left.
You didn't know any spells.
Your spell library was empty.

Inventory:

Hand Weapons
 a - a +0 shortbow of flaming (weapon)
Armour
 c - a +1 pair of gloves (worn)
 g - a +0 helmet (worn)
 h - a +2 pair of boots (worn)
 j - a +0 ring mail (worn)
Jewellery
 n - a +4 ring of protection (left hand)
Wands
 b - a wand of flame (5)
Scrolls
 e - 2 scrolls of teleportation
 f - a scroll of enchant weapon {unknown}
Potions
 d - a potion of enlightenment
 i - 2 potions of haste
 l - a potion of might {unknown}

Dungeon Overview and Level Annotations

Branches:
Dungeon (5/15)
 Temple: D:4-7

Altars:
Dithmenos
Kikubaaqudgha

Annotations:
D:2 1 runed translucent door, Crazy Yiuf


Message History

The bombardier beetle is moderately wounded.
You shoot an arrow. The arrow hits the bombardier beetle.
The arrow burns the bombardier beetle.
The bombardier beetle is heavily wounded.
You shoot an arrow.
The arrow hits the bombardier beetle but does no damage.
The bombardier beetle is heavily wounded.
You shoot an arrow. The arrow hits the bombardier beetle.
The arrow burns the bombardier beetle.
The bombardier beetle is severely wounded.
The bombardier beetle sprays incendiary fluid at you.
The burning spray hits you.
You are covered in liquid fire!
You shoot an arrow. The arrow hits the bombardier beetle.
The arrow burns the bombardier beetle.
The bombardier beetle is almost dead.
The liquid fire burns you!
You shoot an arrow. The arrow hits the bombardier beetle.
The arrow burns the bombardier beetle.
You kill the bombardier beetle!
The liquid fire burns you!
You are on fire!
The liquid fire burns you!
You are on fire!
The liquid fire burns you!
You are on fire!
The liquid fire burns you!
You are on fire!
The liquid fire burns you!
You are on fire!
The liquid fire burns you!
You are on fire!
The liquid fire burns you!
You are on fire!
The liquid fire burns you!
You are on fire!
The liquid fire burns you!
You are on fire!
The liquid fire burns you!
You die...

##...?..#.#####.#
#.............#.#
##.......#.###.#.#
#........#.# #.#.#
....#...##.###.#.#
#.. ##.###.......#
# #.# #####.###
#.# #.# ##'## #@#
##...## #%#
##.....## #.. #
##.......## ###.
####.........# ..
...+.........+ ..
####.........# ...
# ##.......## #.#
# ##.....##


There were no monsters in sight!

Vanquished Creatures
  A water moccasin (D:5)
  A scorpion (D:2)
  A howler monkey (D:4)
  3 bombardier beetles
  2 orc priests (D:4)
  An iguana (D:3)
  10 adders
  2 ufetubi (D:4)
  A ribbon worm (D:2)
  4 dart slugs
  3 orcs
  6 bats
  6 endoplasms
  A giant cockroach (D:1)
  10 goblins
  2 hobgoblins
  6 jackals
  2 quokkas
  11 ball pythons
  2 frilled lizards (D:3)
  8 kobolds
  7 rats
90 creatures vanquished.

Vanquished Creatures (others)
  A human (D:3)
1 creature vanquished.

Grand Total: 91 creatures vanquished

Notes
Turn   | Place    | Note
-------+----------+-------------------------------------------
     0 | D:1      | qw the Deep Elf Hunter began the quest for the Orb.
     0 | D:1      | Reached XP level 1. HP: 12/12 MP: 3/3
     0 | D:1      | 0 ||| qw: Version: 0.3-a-155-g5e7d8dd
     0 | D:1      | 0 ||| qw: Game counter: 2249
     0 | D:1      | 0 ||| qw: Melee chars always use a shield: true
     0 | D:1      | 0 ||| qw: God list: Okawaru
     0 | D:1      | 0 ||| qw: Allow faded altars: false
     0 | D:1      | 0 ||| qw: Do Orc after clearing Dungeon:15 true
     0 | D:1      | 0 ||| qw: Do second Lair branch before Depths: true
     0 | D:1      | 0 ||| qw: Lair rune preference: random
     0 | D:1      | 0 ||| qw: Goals: Normal
     0 | D:1      | 0 ||| PLANNING D:1-11
   172 | D:1      | Reached XP level 2. HP: 16/16 MP: 4/4
   178 | D:1      | Reached skill level 6 in Ranged Weapons
   691 | D:1      | Reached XP level 3. HP: 20/20 MP: 5/5
   764 | D:1      | 764 ||| UPGRADING to +2 pair of boots.
   769 | D:1      | 769 ||| READING scroll labelled MILUXO XUFUI.
   870 | D:1      | 870 ||| READING 3 scrolls labelled QIOGID PAEW.
   870 | D:1      | 870 ||| IDENTIFYING metallic brown potion
   871 | D:1      | 871 ||| READING 2 scrolls of identify.
   871 | D:1      | 871 ||| IDENTIFYING scroll labelled BIMAMO AGHYLOM
   872 | D:1      | 872 ||| DROPPING scroll of butterflies.
   873 | D:1      | 873 ||| DROPPING scroll of fear.
   965 | D:2      | 965 ||| FLEEEEING.
   966 | D:2      | 966 ||| FLEEEEING.
   967 | D:2      | 967 ||| FLEEEEING.
   968 | D:2      | 968 ||| FLEEEEING.
  1045 | D:2      | Reached skill level 7 in Ranged Weapons
  1045 | D:2      | Reached XP level 4. HP: 25/25 MP: 6/6
  1147 | D:2      | Noticed a scorpion
  1151 | D:2      | 1151 ||| ZAPPING wand of flame (10) at 4,3 (scorpion;
                  | floor).
  1152 | D:2      | 1152 ||| ZAPPING wand of flame (9) at 3,2 (scorpion;
                  | floor).
  1153 | D:2      | 1153 ||| ZAPPING wand of flame (8) at 2,1 (scorpion;
                  | floor).
  1154 | D:2      | 1154 ||| ZAPPING wand of flame (7) at 1,0 (scorpion;
                  | floor).
  1155 | D:2      | 1155 ||| ZAPPING wand of flame (6) at 1,0 (scorpion;
                  | floor).
  1155 | D:2      | Killed a scorpion
  1156 | D:2      | Reached skill level 8 in Ranged Weapons
  1156 | D:2      | Reached XP level 5. HP: 29/29 MP: 7/7
  1227 | D:2      | Found a runed translucent door.
  1228 | D:2      | Noticed Crazy Yiuf
  1499 | D:2      | 1499 ||| UPGRADING to +0 ring mail.
  1509 | D:2      | 1509 ||| DROPPING +0 leather armour.
  1510 | D:2      | 1510 ||| READING scroll of identify.
  1510 | D:2      | 1510 ||| IDENTIFYING fizzy black potion
  1511 | D:2      | 1511 ||| READING 2 scrolls labelled WEITWI OSEALIOSOAN.
  1554 | D:2      | 1554 ||| READING scroll labelled QITAAB CEANEUJ.
  1655 | D:2      | 1655 ||| DROPPING potion of attraction.
  1885 | D:3      | Reached skill level 9 in Ranged Weapons
  1980 | D:3      | Reached XP level 6. HP: 25/35 MP: 8/8
  2142 | D:3      | Found an ancient bone altar of Kikubaaqudgha.
  2146 | D:3      | Noticed a human
  2148 | D:3      | Killed a human
  2345 | D:3      | 2345 ||| UPGRADING to +0 pair of gloves.
  2350 | D:3      | 2350 ||| UPGRADING to +0 helmet.
  2355 | D:3      | 2355 ||| DROPPING ring of magical power.
  2356 | D:3      | 2356 ||| READING 3 scrolls labelled LUXAM FYXTORCH.
  2357 | D:3      | 2357 ||| DROPPING 2 scrolls of immolation.
  2475 | D:4      | Reached skill level 1 in Armour
  2721 | D:4      | Found a shadowy altar of Dithmenos.
  2731 | D:4      | Reached skill level 10 in Ranged Weapons
  3269 | D:4      | 3269 ||| UPGRADING to +4 ring of protection.
  3270 | D:4      | 3270 ||| READING scroll labelled SYVAUL ZIFESSA.
  3270 | D:4      | 3270 ||| BRANDING +0 shortbow.
  3271 | D:4      | 3271 ||| READING scroll labelled SUTEON LOAMUOT.
  3272 | D:4      | 3272 ||| READING scroll labelled YSIFIV MEULEHURE.
  3272 | D:4      | 3272 ||| ENCHANTING +0 pair of gloves.
  3273 | D:4      | 3273 ||| DRINKING 2 purple potions.
  3274 | D:4      | 3274 ||| DRINKING 3 clear potions.
  3275 | D:4      | 3275 ||| DROPPING potion of degeneration.
  3320 | D:5      | Entered Level 5 of the Dungeon
  3320 | D:5      | Noticed a water moccasin
  3329 | D:5      | Killed a water moccasin
  3330 | D:5      | Reached XP level 7. HP: 40/40 MP: 9/9
  3427 | D:5      | HP: 10/40 [burnt (4)]
  3430 | D:5      | HP: 4/40 [burnt (3)]
  3431 | D:5      | Incinerated by a bombardier beetle

Levels and vault maps discovered:
D:1:      minmay_arrival_open_corners, layout_basic, minivault_27,
          item_on_display_a
D:2:      layout_rooms, st_stairs_12, uniq_crazy_yiuf_cottage
D:3:      layout_basic, tgw_kikubaaqudgha
D:4:      layout_basic, nicolae_dithmenos_shadow_blocks, serial_rivers,
          chequers_serial_rivers_micro_d, chequers_serial_rivers_large_a,
          chequers_serial_rivers_room_b, chequers_serial_rivers_room_a,
          chequers_serial_rivers_micro_d
D:5:      layout_loops_corners, nemelex_diamond_rough_becter,
          minmay_temple_entry_poolview, nicolae_shop_i_like_big_books

Skill      XL: |  1  2  3  4  5  6 |
---------------+-------------------+-----
Ranged Weapons | 6 7 8 9 10 | 10.6
Fighting       | 2 |  2.2
Armour         | 1 |  1.2
Dodging        | |  2.6
Stealth        | |  1.2

Action                     |  1- 3 |  4- 6 |  7- 9 || total
---------------------------+-------+-------+-------++-------
   Fire: Shortbow          |    75 |   223 |     9 ||   307
  Evoke: Wand              |       |     5 |       ||     5
    Use: Scroll            |     3 |     7 |       ||    10
         Potion            |       |     2 |       ||     2
 Armour: Leather armour    |    12 |     4 |       ||    16
         Ring mail         |       |    49 |       ||    49
  Dodge: Dodged            |    12 |    59 |       ||    71

Table legend:
 A = Non-vault XP
 B = Vault XP
 C = Vault XP percentage of total XP
 D = Non-vault monster count
 E = Vault monster count
 F = Vault count percentage of total count
                 A         B        C        D         E       F
            +---------+---------+-------+---------+---------+-------
      Total |     802 |      15 |   1.8 |      88 |       2 |   2.2
            +---------+---------+-------+---------+---------+-------
        D:1 |      41 |       0 |   0.0 |      25 |       0 |   0.0
        D:2 |     185 |      15 |   7.5 |      18 |       2 |  10.0
        D:3 |     172 |       0 |   0.0 |      23 |       0 |   0.0
        D:4 |     220 |       0 |   0.0 |      20 |       0 |   0.0
        D:5 |     184 |       0 |   0.0 |       2 |       0 |   0.0
            +---------+---------+-------+---------+---------+-------
